AoeStats
← NT_Tiberius

Arabia

505961741Analyzed
3v3 RM · 21d ago on Sep 11, 2026· 45m 19s· 6 players
Game mode
Random Map
Map size
Normal (6 player)
Population
200
Speed
Normal
Resources
Standard
Victory
Conquest
Starting age
Dark Age
Ending age
Imperial Age
RankedLock teamsTeams togetherTeam positionsShared explorationLock speedFull tech treeHidden civsTurbo modeCheats
Victory
Defeat
🇲🇽 Khitans · Mexico
1371
+15
🇦🇷 Dravidians · Argentina
1335
+17
🇨🇴 Ethiopians · Colombia
1317
+18
🇦🇷 Sicilians · Argentina
1363
-17
🇦🇷 Magyars · Argentina
1355
-17
🇦🇷 Poles · Argentina
1346
-16
pity.grillo26
7:11 Loom
9:41 Feudal Age
10:16 Double-Bit Axe
11:13 Gold Mining
21:36 Castle Age
20:51 Horse Collar
21:08 Fletching
21:45 Padded Archer Armor
22:14 Bodkin Arrow
21:48 Crossbowman
23:59 Ballistics
24:00 Padded Archer Armor
26:49 Town Watch
29:02 Leather Archer Armor
29:52 Wheelbarrow
32:19 Leather Archer Armor
33:22 Hand Cart
34:03 Scale Barding Armor
35:42 Chain Barding Armor
37:56 Medical Corps
42:10 Imperial Age
40:19 Forging
40:27 Thumb Ring
41:38 Iron Casting
42:52 Bracer
42:14 Elite Elephant Archer
43:26 Heavy Plow
45:22 Blast Furnace
45:39 Conscription
46:30 Chemistry
46:12 Ring Archer Armor
45:10 Siege Elephant
NT_Tiberius
6:06 Loom
9:16 Feudal Age
9:48 Double-Bit Axe
12:01 Town Watch
12:32 Fletching
21:07 Castle Age
19:14 Horse Collar
20:11 Gold Mining
21:06 Padded Archer Armor
21:08 Crossbowman
21:46 Bodkin Arrow
22:40 Bow Saw
23:20 Ballistics
24:04 Leather Archer Armor
24:33 Wheelbarrow
27:37 Thumb Ring
34:36 Imperial Age
32:25 Hand Cart
32:11 Town Patrol
32:26 Heavy Plow
34:41 Arbalester
35:23 Bracer
35:54 Ring Archer Armor
36:36 Chemistry
36:18 Stone Mining
37:03 Gold Shaft Mining
40:04 Two-Man Saw
40:33 Conscription
45:46 Masonry
45:46 Siege Engineers
45:36 Murder Holes
Rata Preñadora
7:06 Loom
9:14 Feudal Age
11:14 Forging
15:08 Wheelbarrow
18:41 Castle Age
17:07 Double-Bit Axe
17:06 Domestication
17:43 Scale Barding Armor
18:55 Light Cavalry
22:24 Iron Casting
27:07 Chain Barding Armor
34:50 Hand Cart
35:07 Husbandry
36:46 Husbandry
41:15 Imperial Age
38:31 Town Watch
41:24 Hussar
42:43 Plate Barding Armor
el droga niños
6:40 Loom
8:56 Feudal Age
9:58 Double-Bit Axe
9:58 Horse Collar
15:00 Fletching
20:03 Castle Age
18:39 Stone Mining
21:19 Wheelbarrow
20:56 Bodkin Arrow
22:30 Bow Saw
22:23 Heavy Plow
29:20 Scale Barding Armor
30:24 Gold Mining
31:33 Chain Barding Armor
31:55 Corvinian Army
33:13 Hand Cart
34:54 Town Watch
39:09 Imperial Age
38:01 Gold Shaft Mining
39:43 Bloodlines
39:34 Husbandry
39:13 Elite Magyar Huszar
40:31 Plate Barding Armor
40:17 Conscription
41:05 Light Cavalry
43:26 Chemistry
Helado de Diarrea
5:07 Loom
9:12 Feudal Age
10:15 Double-Bit Axe
10:28 Horse Collar
13:45 Wheelbarrow
23:14 Castle Age
23:13 Fletching
23:57 Pikeman
25:55 Gambesons
26:10 Squires
28:06 Bow Saw
29:16 Forging
29:06 Scale Mail Armor
29:04 Bodkin Arrow
30:38 Elite Skirmisher
33:54 Padded Archer Armor
38:56 Leather Archer Armor
39:05 Ballistics
46:51 Imperial Age
Tocinito del Diablo
7:29 Loom
9:40 Feudal Age
12:17 Double-Bit Axe
13:16 Horse Collar
21:15 Castle Age
20:50 Gold Mining
21:03 Fletching
21:19 Scale Barding Armor
22:06 Bloodlines
24:35 Bodkin Arrow
25:05 Chain Barding Armor
24:53 Szlachta Privileges
26:00 Bodkin Arrow
27:51 Wheelbarrow
27:02 Town Watch
28:33 Forging
28:57 Heavy Plow
28:59 Stone Mining
41:01 Imperial Age
Connection lost

Rejoining the realm…

Still unreachable

The connection could not be restored.

Session expired

The server has moved on; the page needs a fresh start.